 Dungeon Crawl Stone Soup version 0.23.0 (webtiles) character file.

Game seed: 4645390980799212140

855 Mgcat the Chopper (level 7, 0/54 HPs)
             Began as a Minotaur Hunter on Feb 11, 2019.
             Was an Initiate of Okawaru.
             Slain by a sky beast (6 damage)
             ... on level 5 of the Dungeon.
             The game lasted 00:10:35 (3997 turns).

Mgcat the Chopper (Minotaur Hunter)                 Turns: 3997, Time: 00:10:35

Health: 0/54       AC:  6    Str: 23    XL:     7   Next: 70%
Magic:  6/6        EV: 13    Int:  8    God:    Okawaru [......]
Gold:   207        SH:  0    Dex: 11    Spells: 6/6 levels left

rFire    . . .     SeeInvis .   s - +0 war axe
rCold    . . .     Gourm    .   (no shield)
rNeg     . . .     Faith    .   t - +0 ring mail (curse)
rPois    +         Spirit   .   (helmet restricted)
rElec    .         Reflect  .   (no cloak)
rCorr    .         Harm     .   (no gloves)
MR       +....                  (no boots)
Stlth    +.........             (no amulet)
HPRegen  0.18/turn              x - ring of protection from magic {MR+, !d}
MPRegen  0.10/turn              r - +5 ring of strength

@: no status effects
A: retaliatory headbutt, horns 2, talons 1, deterioration 1, frail 1, poison
resistance
a: Renounce Religion


You were on level 5 of the Dungeon.
You worshipped Okawaru.
Okawaru was noncommittal.
You were not hungry.

You visited 1 branch of the dungeon, and saw 5 of its levels.

You collected 207 gold pieces.

Inventory:

Hand Weapons
 s - a +0 war axe (weapon)
   (You found it on level 3 of the Dungeon)
Missiles
 a - 5 silver tomahawks
 c - 6 javelins (quivered)
 d - 2 throwing nets {=f, !d}
Armour
 g - a +1 ring mail
   (You took it off a hobgoblin on level 2 of the Dungeon)
 t - a cursed +0 ring mail (worn)
   (You found it on level 5 of the Dungeon)
Magical Staves
 b - an uncursed staff of wizardry {wiz+, !a}
   (You took it off an orc wizard on level 4 of the Dungeon)
Jewellery
 e - an uncursed ring of protection from fire {rF+, !d}
   (You found it on level 1 of the Dungeon)
 o - an uncursed ring of protection from cold {rC+, !d}
   (You found it on level 5 of the Dungeon)
 r - a +5 ring of strength (right hand)
   (You found it on level 3 of the Dungeon)
 v - an uncursed ring of wizardry {Wiz+, !d}
   (You found it on level 4 of the Dungeon)
 x - a ring of protection from magic (left hand) {MR+, !d}
   (You found it on level 4 of the Dungeon)
Scrolls
 h - 2 scrolls of fear
 i - 3 scrolls of immolation {!r}
 l - 3 scrolls of remove curse
Potions
 m - a potion of might {unknown}
 n - a potion of curing
 p - a potion of resistance
 q - a potion of invisibility
 w - 2 potions of agility
Comestibles
 f - 10 rations


   Skills:
 - Level 5.1 Fighting
 + Level 5.8 Axes
 - Level 4.0 Throwing
 - Level 5.0 Armour
 - Level 5.0 Dodging
 - Level 0.7 Stealth


You had 6 spell levels left.
You didn't know any spells.
Your spell library was empty.

Dungeon Overview and Level Annotations

Branches:
Dungeon (5/15)             Temple (0/1) D:4

Altars:
Okawaru
Vehumet
Wu Jian
Yredelemnul
The Shining One


Innate Abilities, Weirdness & Mutations

You reflexively headbutt those who attack you in melee.
You have a pair of horns on your head.
You have sharp toenails.
Your body sometimes deteriorates upon taking damage.
You are frail. (-10% HP)
Your system is resistant to poisons. (rPois)


Message History

f - 9 rations (gained 1)
k - a scroll labeled PUXZEH BI QYU You see here 14 stones.
Key pressed, stopping explore.
As you read the scroll labeled PUXZEH BI QYU, it crumbles to dust.
You feel strangely unstable.
It was a scroll of teleportation.
You regained 4 hp, and now have 52/54 hp.
Found a stone staircase leading down.
Your surroundings suddenly seem different.
You now have 207 gold pieces (gained 12).
A worker ant comes into view.
The worker ant twitches its antennae in your direction.
Health restored: 54 The worker ant barely misses you.
You slash the worker ant!
The worker ant is heavily wounded.
The worker ant completely misses you.
You slash the worker ant!
You kill the worker ant!
Okawaru accepts your kill.
You feel your dexterity returning.
No target in view!
No target in view!
h - 2 scrolls of fear (gained 1) All of the chunks of flesh in your inventory have rotted away.
f - 10 rations (gained 1)
A bullfrog skeleton comes into view.
A bullfrog skeleton is nearby!
The bullfrog skeleton closely misses you.
You furiously retaliate!
You headbutt the bullfrog skeleton. You barely miss the bullfrog skeleton.
You claw the bullfrog skeleton.
The bullfrog skeleton is moderately damaged.
The bullfrog skeleton hits you but does no damage.
The bullfrog skeleton barely misses you.
You hit the bullfrog skeleton.
The bullfrog skeleton is heavily damaged.
The bullfrog skeleton barely misses you.
You slash the bullfrog skeleton!
You destroy the bullfrog skeleton!
Okawaru accepts your kill.
No target in view!
No target in view!
A giant cockroach comes into view.
A giant cockroach is nearby!
You hit the giant cockroach. You claw the giant cockroach.
The giant cockroach is heavily wounded.
The giant cockroach barely misses you.
You barely miss the giant cockroach.
Your headbutt misses the giant cockroach.
The giant cockroach is heavily wounded.
The giant cockroach misses you. You furiously retaliate!
You headbutt the giant cockroach.
You kill the giant cockroach!
Okawaru accepts your kill.
No target in view!
No target in view!
You see here 30 stones.
You see here 26 sling bullets.
A sky beast comes into view.
The sky beast flickers out of sight!
Deactivating autopickup; reactivate with Ctrl-A.
No target in view!
No target in view!
No target in view!
Something hits you. Something shocks you.
You take 9 damage, and have 45/54 hp.
No target in view!
No target in view!
No target in view!
No target in view!
You barely miss something. You claw something. Your headbutt misses something.
Something hits you. Something shocks you.
You take 9 damage, and have 36/54 hp.
You hit something. Something hits you. Something shocks you.
You take 7 damage, and have 29/54 hp.
You barely miss something. Something hits you. Something shocks you.
You take 7 damage, and have 22/54 hp.
You closely miss something. You headbutt something.
A sky beast appears from thin air!
Reactivating autopickup.
The sky beast hits you but does no damage.
You hit the sky beast. You claw the sky beast.
The sky beast is moderately wounded.
The sky beast hits you. The sky beast shocks you.
* * * LOW HITPOINT WARNING * * *
The sky beast flickers out of sight!
Deactivating autopickup; reactivate with Ctrl-A.
Something hits you.
* * * LOW HITPOINT WARNING * * *
Something shocks you.
* * * LOW HITPOINT WARNING * * *
You take 15 damage, and have 7/54 hp.
MASSIVE DAMAGE!!
Unknown command.
Unknown command.
You hit something. You headbutt something!
A sky beast appears from thin air!
Reactivating autopickup.
The sky beast hits you.
* * * LOW HITPOINT WARNING * * *
The sky beast shocks you.
You die...

###...### .# ......# #. #...
... ####### .. #..# #.# .#
.... #. #.# .# #..#.#. #.#
########.#####..#.#.###.####
#...........# .......##....#
##.#####.###.#
#Y#..#(##....# ...# ##.#
#@#..#.##....#### #### #..#
#.#.##..........## ##.##
#.#.##............ #..#
#.#.##..........## # ##.##
#)###................. #..#
#........#.#...#...### ##.##
######.#.#.#..###.#### #..#
#.#.#.#.#.#...... #.##
#.#.#.#.#..######


You could see a sky beast.

Vanquished Creatures
  Sigmund (D:2)
  A howler monkey (D:4)
  4 jellies
  An orc priest (D:4)
  2 bullfrog skeletons (D:5)
  3 orc wizards
  Jessica (D:2)
  4 worker ants
  9 adders
  A shadow imp (D:4)
  An ooze (D:2)
  An adder skeleton (D:4)
  5 worms
  3 dart slugs
  7 leopard geckos
  16 orcs
  5 giant cockroaches
  17 goblins
  6 hobgoblins
  15 jackals
  7 kobolds
  A quokka (D:4)
  2 ball pythons
  8 bats
  8 frilled lizards
  A quokka skeleton (D:4)
  8 rats
138 creatures vanquished.

Notes
Turn   | Place    | Note
-------+----------+-------------------------------------------
     0 | D:1      | Mgcat the Minotaur Hunter began the quest for the Orb.
     0 | D:1      | Reached XP level 1. HP: 18/18 MP: 0/0
    53 | D:1      | Reached skill level 3 in Fighting
    65 | D:1      | Reached XP level 2. HP: 15/26 MP: 1/1
   283 | D:1      | Reached skill level 4 in Fighting
   410 | D:1      | Reached XP level 3. HP: 26/33 MP: 2/2
   791 | D:2      | Reached skill level 5 in Fighting
   883 | D:2      | Reached XP level 4. HP: 30/42 MP: 3/3
   970 | D:2      | Reached skill level 1 in Armour
  1210 | D:2      | Noticed Sigmund
  1221 | D:2      | Reached skill level 3 in Dodging
  1224 | D:2      | Reached skill level 2 in Armour
  1228 | D:2      | HP: 7/42 [something/magic dart (8)]
  1231 | D:2      | Gained mutation: You have sharp toenails. [potion of
                  | mutation]
  1231 | D:2      | Gained mutation: You are frail. (-10% HP) [potion of
                  | mutation]
  1231 | D:2      | Gained mutation: Your body sometimes deteriorates upon
                  | taking damage. [potion of mutation]
  1231 | D:2      | Gained mutation: Your system is resistant to poisons.
                  | (rPois) [potion of mutation]
  1237 | D:2      | HP: 12/55 [something (1)]
  1240 | D:2      | Killed Sigmund
  1240 | D:2      | Reached skill level 3 in Armour
  1240 | D:2      | Reached skill level 4 in Dodging
  1240 | D:2      | Reached XP level 5. HP: 14/43 MP: 4/4
  1484 | D:2      | Reached XP level 6. HP: 38/50 MP: 5/5
  1521 | D:2      | Found an ornate altar of the Wu Jian Council.
  1549 | D:2      | Noticed Jessica
  1563 | D:2      | Killed Jessica
  1764 | D:2      | Reached skill level 4 in Armour
  2017 | D:2      | Found a glowing golden altar of the Shining One.
  2671 | D:4      | Reached skill level 1 in Axes
  2685 | D:4      | Reached skill level 5 in Dodging
  2735 | D:4      | Found a basalt altar of Yredelemnul.
  2752 | D:4      | Found a staircase to the Ecumenical Temple.
  2764 | D:3      | Found an iron altar of Okawaru.
  2772 | D:3      | Became a worshipper of Warmaster Okawaru
  2875 | D:4      | Reached skill level 2 in Axes
  2875 | D:4      | Reached skill level 5 in Armour
  2875 | D:4      | Reached XP level 7. HP: 33/54 MP: 6/6
  2958 | D:4      | Found a radiant altar of Vehumet.
  3009 | D:4      | Reached skill level 3 in Axes
  3009 | D:4      | HP: 13/54 [poisoned by a worker ant]
  3516 | D:5      | Entered Level 5 of the Dungeon
  3529 | D:5      | Reached skill level 4 in Axes
  3758 | D:5      | Reached skill level 5 in Axes
  3996 | D:5      | HP: 12/54 [something (3)]
  3997 | D:5      | Slain by a sky beast

Skill      XL: |  1  2  3  4  5  6  7 |
---------------+----------------------+-----
Fighting       | 3 4 5 |  5.1
Armour         | 3 5 |  5.0
Dodging        | 4 5 |  5.0
Axes           | 2 5 |  5.8
Throwing       | |  4.0
Stealth        | |  0.7

Action                   |  1- 3 |  4- 6 |  7- 9 || total
-------------------------+-------+-------+-------++-------
Melee: Short sword       |    94 |    99 |       ||   193
       Headbutt          |    14 |    21 |     8 ||    43
       Unarmed           |       |     3 |       ||     3
       Kick              |       |    29 |    23 ||    52
       War axe           |       |    52 |    65 ||   117
Throw: Javelin           |       |     2 |       ||     2
  Use: Scroll            |     2 |       |    12 ||    14
       Potion            |       |     3 |     1 ||     4
 Stab: Sleeping          |     4 |       |       ||     4
  Eat: Chunk             |       |     7 |     3 ||    10
Armor: Leather armour    |    19 |     7 |       ||    26
       Skin              |       |     6 |       ||     6
       Ring mail         |       |    37 |    13 ||    50
Dodge: Dodged            |    64 |    93 |    40 ||   197

Levels and vault maps discovered:
D:1:      psy_arrival_whirlpool, layout_loops_ring
D:2:      layout_basic, lemuel_doored_altar, st_stairs_6, tso_altar,
          uniq_jessica, uniq_sigmund
D:3:      layout_rooms, nicolae_overflow_hidden_temple, minmay_unequal
D:4:      layout_basic, yredelemnul_altar_generic, overflow_temple_1_default,
          minmay_temple_entry_overgrown
D:5:      layout_loops_ring, slow_altar_1, first_ration

Table legend:
 A = Turns spent in this place as a percentage of turns spent in the entire game.
 B = Non-inter-level travel turns spent in this place as a percentage of non-inter-level travel turns spent in the entire game.
 C = Inter-level travel turns spent in this place as a percentage of turns spent in this place.
 D = Turns resting spent in this place as a percentage of non-inter-level travel turns spent in this place.
 E = Turns spent auto-exploring this place as a percentage of non-inter-level travel turns spent in this place.
 F = Non-inter-level travel turns spent in this place divided by the number of levels of this place that you've seen.
                   A       B       C       D       E      F
               +-------+-------+-------+-------+-------+----------------------
         Total | 100.0 | 100.0 |   4.0 |  11.9 |  67.9 | 767.2
       Dungeon | 100.0 | 100.0 |   4.0 |  11.9 |  67.9 | 767.2
               +-------+-------+-------+-------+-------+----------------------

Table legend:
 A = Kills in this place as a percentage of kills in entire the game.
 B = Kills by you in this place as a percentage of kills by you in the entire game.
 C = Kills by friends in this place as a percentage of kills by friends in the entire game.
 D = Other kills in this place as a percentage of other kills in the entire game.
 E = Experience gained in this place as a percentage of experience gained in the entire game.
 F = Experience gained in this place divided by the number of levels of this place that you have seen.
                   A       B       C       D       E      F
               +-------+-------+-------+-------+-------+----------------------
         Total | 100.0 | 100.0 |   N/A |   N/A | 100.0 | 244.4
       Dungeon | 100.0 | 100.0 |   N/A |   N/A | 100.0 | 244.4
               +-------+-------+-------+-------+-------+----------------------
